 Dungeon Crawl Stone Soup version 0.29-a0-1006-g0dd7720b37 (webtiles) character file.

Game seed: 13942405342618789042

196 pokeman the Magician (level 5, -1/29 HPs)
             Began as a Deep Elf Hedge Wizard on Aug 7, 2022.
             Slain by a goblin
             ... wielding a +0 club
             ... led by Robin
              (2 damage)
             ... on level 3 of the Dungeon.
             The game lasted 00:04:20 (2790 turns).

pokeman the Magician (Deep Elf Hedge Wizard)        Turns: 2790, Time: 00:04:21

Health: -1/29      AC:  2    Str:  7    XL:     5   Next: 45%
Magic:  24/24      EV: 13    Int: 21    God:
Gold:   102        SH:  0    Dex: 14    Spells: 3/16 levels left

rFire   . . .      SeeInvis .   w - +1 falchion (elec)
rCold   . . .      Faith    .   (no shield)
rNeg    . . .      Spirit   .   b - +0 robe
rPois   .          Reflect  .   c - +0 hat
rElec   .          Harm     .   (no cloak)
rCorr   .          Rampage  .   (no gloves)
Will    .....                   (no boots)
Stlth   ++........              f - amulet of magic regeneration
HPRegen 0.09/turn               r - ring of magical power
MPRegen 0.59/turn               (no ring)

@: no status effects
A: no striking features
a: no special abilities


You were on level 3 of the Dungeon.
You visited 1 branch of the dungeon, and saw 3 of its levels.

You collected 102 gold pieces.

Inventory:

Hand Weapons
 w - a +1 falchion of electrocution (weapon)
Armour
 b - a +0 robe (worn)
 c - a +0 hat (worn)
 u - a +0 buckler
Magical Staves
 p - a staff of poison
Jewellery
 f - an amulet of magic regeneration (around neck)
 r - a ring of magical power (left hand)
Scrolls
 a - 3 scrolls of blinking {unknown}
 e - 3 scrolls of teleportation {unknown}
 g - a scroll of fog {unknown}
 i - a scroll of fear {unknown}
 l - a scroll of noise {unknown}
 n - 3 scrolls of identify {unknown}
 q - a scroll of summoning {unknown}
 t - a scroll of amnesia {unknown}
 v - a scroll of magic mapping {unknown}
Potions
 d - a potion of magic
 h - 2 potions of curing {unknown}
 k - 2 potions of degeneration {unknown}
 m - a potion of heal wounds {unknown}
 o - 2 potions of attraction {unknown}
 s - a potion of berserk rage {unknown}


   Skills:
 - Level 1.0 Fighting
 - Level 1.0 Armour
 - Level 3.2 Dodging
 - Level 3.2 Stealth
 * Level 6.3 Spellcasting
 + Level 2.6 Conjurations
 - Level 1.1 Summonings
 - Level 1.1 Translocations
 + Level 0.5 Fire Magic
 + Level 0.3 Air Magic


You had 3 spell levels left.
You knew the following spells:

 Your Spells              Type           Power      Damage    Failure   Level
a - Magic Dart            Conj           68%        1d6       3%          1
b - Mephitic Cloud        Conj/Pois/Air  10%        N/A       19%         3
c - Call Imp              Summ           11%        N/A       9%          2
d - Blink                 Tloc           22%        N/A       9%          2
e - Conjure Flame         Conj/Fire      13%        6-21      14%         3
f - Wereblood             Tmut           6%         N/A       14%         2

Your spell library contained the following spells:

 Spells                   Type           Power      Damage    Failure   Level
 Beastly Appendage        Tmut           12%        N/A       10%         1
 Freeze                   Ice            24%        1d5       10%         1
 Slow                     Hex            24%        N/A       10%         1
 Frozen Ramparts          Ice            12%        1d2       28%         3
 Spider Form              Tmut/Pois      6%         N/A       28%         3
 Hailstorm                Conj/Ice       12%        3d5       50%         4


Dungeon Overview and Level Annotations

Branches:
Dungeon (3/15)

Altars:

Shops:
D:1 (   D:3 (

Annotations:
D:3 Robin


Message History

Aim: a goblin, wielding a +0 dagger (100% to hit)
The magic dart hits the goblin.
You kill the goblin!
The hobgoblin hits you.
Unknown command.
Casting: Magic Dart (safe; 3% risk of failure)
Confirm with . or Enter, or press ? or * to list all spells.
Aiming: Magic Dart (safe; 3% risk of failure)
Press: ? - help, Shift-Dir - straight line, f - hobgoblin
Aim: a hobgoblin (severely wounded, 100% to hit)
The magic dart hits the hobgoblin.
The hobgoblin is almost dead.
The goblin misses you. Robin throws the goblin at you! The hobgoblin hits you.
The goblin shouts!
You hear a shout!
The goblin unwields a +0 club.
The goblin wields a +0 sling.
The goblin shoots a sling bullet.
The sling bullet completely misses you. The goblin hits you with a +0 club.
The goblin barely misses you. The hobgoblin attacks as you move away!
The hobgoblin hits you.
* * * LOW HITPOINT WARNING * * *
Robin throws the goblin at you!
* * * LOW HITPOINT WARNING * * *
You hit the goblin. Lightning courses through the goblin!
You kill the goblin!
Robin throws the goblin at you!
* * * LOW HITPOINT WARNING * * *
The hobgoblin hits you.
* * * LOW HITPOINT WARNING * * *
The goblin hits you with a +0 club.
* * * LOW HITPOINT WARNING * * *
The hobgoblin attacks as you move away! The hobgoblin barely misses you.
The hobgoblin attacks as you move away! The hobgoblin misses you.
The goblin hits you with a +0 club.
* * * LOW HITPOINT WARNING * * *
The goblin barely misses you.
A goblin comes into view. It is wielding a +0 club.
Unknown command.
The goblin attacks as you move away! The goblin hits you with a +0 club.
You die...

g.gg)g'...#
g.gg..'g..#
#)..#
##########)..#
#.....)...gg.#
#............#
#+##.).g.##†##
#..)gg#...#
#...@g#...#
#.....#...#
..##+
#.....##+##
..).) #.....#
≈.....#.....#
≈≈≈≈≈≈#...†.#
≈≈
≈≈≈≈≈##'''##≈≈≈
#≈≈≈≈...≈≈≈≈#
###≈≈...≈≈###


You could see Robin, 2 hobgoblins and 3 goblins.

Vanquished Creatures
  A water moccasin (D:3)
  A worm (D:2)
  3 dart slugs
  6 orcs
  6 ball pythons
  2 endoplasms (D:1)
  3 giant cockroaches (D:1)
  14 goblins
  5 hobgoblins
  9 jackals
  6 kobolds
  3 quokkas
  2 bats
  4 frilled lizards
  5 rats
70 creatures vanquished.

Notes
Turn   | Place    | Note
-------+----------+-------------------------------------------
     0 | D:1      | pokeman the Deep Elf Hedge Wizard began the quest for the
                  | Orb.
     0 | D:1      | Reached XP level 1. HP: 10/10 MP: 7/7
   355 | D:1      | Reached XP level 2. HP: 16/16 MP: 5/9
   521 | D:1      | Found Zuapon's Antique Weapon Emporium.
   762 | D:1      | Reached skill level 5 in Spellcasting
   952 | D:1      | Reached XP level 3. HP: 14/20 MP: 6/11
   956 | D:1      | Learned a level 3 spell: Mephitic Cloud
   959 | D:1      | Learned a level 2 spell: Call Imp
   962 | D:1      | Learned a level 2 spell: Blink
   966 | D:1      | Learned a level 3 spell: Conjure Flame
  1682 | D:2      | Reached skill level 1 in Armour
  1796 | D:2      | Reached skill level 1 in Fighting
  2062 | D:2      | Found a faded altar of an unknown god.
  2319 | D:3      | Reached XP level 4. HP: 25/25 MP: 9/13
  2329 | D:3      | Found Goaliesh's Weapon Boutique.
  2482 | D:3      | Noticed a water moccasin
  2491 | D:3      | Killed a water moccasin
  2492 | D:3      | Reached skill level 6 in Spellcasting
  2492 | D:3      | Reached XP level 5. HP: 29/29 MP: 15/15
  2495 | D:3      | Learned a level 2 spell: Wereblood
  2775 | D:3      | Noticed Robin
  2789 | D:3      | HP: 1/29 [goblin/+0 club[Robin] (1)]
  2790 | D:3      | Slain by a goblin

Illustrated notes

Levels and vault maps discovered:
D:1:      nagdon_arrival_zigzag_paths, layout_loops_ring, serial_shops,
          nicolae_square_shop, patterned_corridor
D:2:      layout_loops_cross, hellmonk_ecumenical_altar_run_dry
D:3:      kennysheep_goblin_castle, layout_rooms, serial_shops,
          nicolae_shop_bloodbath_and_beyond

Skill      XL: |  1  2  3  4 |
---------------+-------------+-----
Spellcasting   | 5 6 |  6.3
Armour         | 1 |  1.0
Fighting       | 1 |  1.0
Conjurations   | 2 |  2.6
Dodging        | 3 |  3.2
Stealth        | 3 |  3.2
Summonings     | |  1.1
Translocations | |  1.1
Fire Magic     | |  0.5
Air Magic      | |  0.3

Action                   |  1- 3 |  4- 6 || total
-------------------------+-------+-------++-------
Melee: Dagger            |     4 |     3 ||     7
       Falchion          |       |     5 ||     5
 Cast: Magic Dart        |   132 |    35 ||   167
       Conjure Flame     |       |     1 ||     1
Armor: Robe              |     5 |     1 ||     6
Dodge: Dodged            |    25 |    16 ||    41

Table legend: (Time is in decaauts)
 A = Elapsed time spent in this place.
 B = Non-inter-level travel time spent in this place.
 C = Inter-level travel time spent in this place.
 D = Time resting spent in this place.
 E = Time spent auto-exploring this place.
 F = Levels seen in this place.
 G = Mean time per level.
                   A        B        C        D        E       F      G
               +--------+--------+--------+--------+--------+-----+--------+
         Total |   2789 |   2655 |    134 |    100 |   2205 |   3 |  929.7 |
       Dungeon |   2789 |   2655 |    134 |    100 |   2205 |   3 |  929.7 |
               +--------+--------+--------+--------+--------+-----+--------+

Top non-repeatable levels by time:
     D:1: 1497 daAuts
     D:2: 780 daAuts
     D:3: 511 daAuts
